 Dungeon Crawl Stone Soup version 0.19.0-2-gae57169 (webtiles) character file.

52085 Patchouli the Thaumaturge (level 14, -5/76 HPs)
             Began as a Deep Elf Ice Elementalist on Nov 3, 2016.
             Was the Champion of Kikubaaqudgha.
             Killed from afar by a nagaraja (35 damage)
             ... with an orb of energy
             ... on level 2 of the Snake Pit.
             The game lasted 03:21:21 (16890 turns).

Patchouli the Thaumaturge (DEIE)                   Turns: 16890, Time: 03:21:24

Health: -5/76      AC: 10    Str:  5    XL:     14   Next: 25%
Magic:  30/43      EV: 21    Int: 26    God:    Kikubaaqudgha [******]
Gold:   676        SH:  0    Dex: 15    Spells: 12 memorised, 1 level left

rFire  + . .     SeeInvis +     A - +4 long sword of Nekawer {slice, rElec}
rCold  + . .     Gourm    .     b - +1 robe {rC+ rF+}
rNeg   . . .     Faith    .     (no shield)
rPois  .         Spirit   .     K - +0 helmet
rElec  +         Reflect  .     N - +0 cloak
rCorr  .         Harm     .     y - +1 pair of gloves of the Centipede {SInv}
MR     +....                    S - +1 pair of boots {Fly}
Stlth  ++........               M - amulet of magic regeneration
                                z - +3 ring of evasion
                                p - ring of magical power

@: flying
A: no striking features
a: Receive Corpses, Torment, Renounce Religion, Stop Flying


You were on level 2 of the Snake Pit.
You worshipped Kikubaaqudgha.
Kikubaaqudgha was exalted by your worship.
You were hungry.

You visited 6 branches of the dungeon, and saw 27 of its levels.

You collected 2929 gold pieces.
You spent 2253 gold pieces at shops.

Inventory:

Hand Weapons
 a - the +2 long sword of Analysis {flame, rF+ rC+}
   (You bought it in a shop on level 2 of the Orcish Mines)

   It has been specially enchanted to burn those struck by it, causing extra
   injury to most foes and up to half again as much damage against particularly
   susceptible opponents.
   Big, fiery blades are also staple armaments of hydra-hunters.
   It protects you from fire.
   It protects you from cold.
 A - the +4 long sword of Nekawer (weapon) {slice, rElec}
   (You found it on level 15 of the Dungeon)

   It inflicts extra damage upon your enemies.
   It insulates you from electricity.
Armour
 b - a +1 robe of resistance (worn)
 y - the +1 pair of gloves of the Centipede (worn) {SInv}
   (You bought it in a shop on level 2 of the Orcish Mines)

   It lets you see invisible.
 K - a +0 helmet (worn)
 N - a +0 cloak (worn)
 S - a +1 pair of boots of flying (worn)
Jewellery
 i - an uncursed ring of protection from cold
 o - an uncursed ring of fire
 p - a ring of magical power (left hand)
 z - a +3 ring of evasion (right hand)
 M - an amulet of magic regeneration (around neck)
 T - a +2 ring of protection
Wands
 c - a wand of teleportation (1/9)
 B - a wand of digging (12/24)
 E - a wand of iceblast (5/15)
 V - a wand of lightning (5/15)
 X - a wand of flame (20/48)
Scrolls
 g - a scroll of fog
 h - a scroll of enchant weapon
 k - 2 scrolls of recharging
 w - 11 scrolls of identify
 Q - 3 scrolls of magic mapping
 U - a scroll of fear
 W - 5 scrolls of remove curse
Potions
 e - a potion of invisibility
 l - 2 potions of ambrosia
 m - a potion of mutation
 n - 6 potions of curing
 O - 2 potions of heal wounds
 P - a potion of resistance
Comestibles
 d - 5 bread rations
 f - 3 meat rations
 j - 8 fruits


   Skills:
 - Level 4.6 Fighting
 - Level 5.6 Armour
 - Level 8.4 Dodging
 - Level 2.4 Stealth
 * Level 14.8 Spellcasting
 + Level 9.1 Conjurations
 - Level 9.4 Charms
 - Level 8.3 Summonings
 - Level 9.6 Necromancy
 - Level 2.0 Translocations
 - Level 2.1 Transmutations
 - Level 11.1 Ice Magic
 * Level 7.1 Air Magic


You had one spell level left.
You knew the following spells:

 Your Spells              Type           Power        Failure   Level  Hunger
a - Freeze                Ice            ####         1%          1    None
c - Bolt of Draining      Conj/Necr      ######....   1%          5    #......
d - Dispel Undead         Necr           ######..     1%          5    #......
e - Freezing Cloud        Conj/Ice/Air   ######....   12%         6    ####...
i - Summon Ice Beast      Ice/Summ       ######..     1%          4    None
k - Blink                 Tloc           N/A          1%          2    None
o - Ice Form              Ice/Tmut       ######..     1%          4    None
q - Ozocubu's Armour      Chrm/Ice       ######..     1%          3    None
r - Regeneration          Chrm/Necr      ######....   1%          3    None
s - Sublimation of Blood  Necr           ######....   1%          2    None
t - Throw Icicle          Conj/Ice       ######..     1%          4    None
w - Swiftness             Chrm/Air       ######..     1%          2    None


Dungeon Overview and Level Annotations

Branches:
Dungeon (15/15)            Temple (1/1) D:7            Lair (6/6) D:8
 Shoals (1/4) Lair:2        Snake (2/4) Lair:4          Orc (2/2) D:12
    Elf (0/3) Orc:2        Depths (0/5) D:15
  Slime: Lair:5-6    Vaults: D:13-14

Altars:
Ashenzari
Cheibriados
Dithmenos
Elyvilon
Fedhas
Gozag
Hepliaklqana
Kikubaaqudgha
Makhleb
Nemelex Xobeh
Okawaru
Qazlal
Sif Muna
Trog
Uskayaw
Vehumet
Xom
Yredelemnul
Zin
The Shining One
Beogh

Shops:
D:7 =%[   D:14 ?   Orc:2 (*:[

Annotations:
D:4 Braschwitzo's ghost, novice MfIE
D:10 1 runed door
D:13 Frances
D:14 Agnes
D:15 gitgud34's ghost, journeyman MiFi


Message History

Found 17 stones.
You feel sick.
There is a stone staircase leading down here.
You feel better. The nagaraja spits poison at you.
The splash of poison hits your ice beast.
Your ice beast hits the nagaraja but does no damage.
Casting: Summon Ice Beast
Confirm with . or Enter, or press ? or * to list all spells.
Aiming: Freezing Cloud
Press: ? - help, Dir - move target cursor The nagaraja is engulfed in freezing vapours.
The nagaraja hits your ice beast with a spear!!
The nagaraja grabs your ice beast. The nagaraja constricts your ice beast.
The nagaraja casts a spell at you. The orb of energy hits your ice beast.
Your ice beast dies!
The orb of energy explodes!
The mystic blast hits you!
You die...
Kikubaaqudgha rasps: "You have failed me!
Welcome... death!"

..())### #..)##
###....
####......
###....##.##
#...#####.## #
#.### #.#.
#.#######§#
#.#.
..##..@.§N§§§#
#.#.
.........######
#.#.
.##...##..#
#... ....##
##.# #..# ...
(. ##.# .. ...
### ≈ ....
..... ######


You could see a nagaraja.

Vanquished Creatures
  A juggernaut skeleton (D:15)
  3 ettins (Orc:2)
  A hydra (D:15)
  A centaur warrior (D:15)
  A death yak (Lair:6)
  An ogre mage (D:15)
  2 shock serpents
  2 naga sharpshooters
  5 skeletal warriors
  An unseen horror (D:11)
  A deep elf archer (D:14)
  A phantasmal warrior (D:15)
  2 orc knights
  An orc sorcerer (Orc:1)
  A deep elf mage (D:12)
  A manticore (D:15)
  2 cyclopes (Orc:2)
  2 guardian serpents (Snake:1)
  4 black mambas
  2 naga magi (Snake:1)
  A centaur zombie (D:12)
  A spriggan zombie (D:15)
  2 kobold demonologists
  2 centaur skeletons
  2 yaktaur zombies (D:15)
  A spiny frog (Lair:5)
  A komodo dragon (Lair:5)
  3 trolls
  A polar bear (Lair:6)
  A hornet (D:13)
  2 hippogriffs
  A dream sheep (shapeshifter) (D:13)
  A blink frog (Lair:6)
  5 wraiths (D:13)
  2 wyverns
  19 yaks
  6 nagas
  4 wargs
  3 porcupines
  4 water moccasins
  23 orc warriors
  2 sky beasts
  3 necrophages
  A boggart (D:14)
  2 ice beasts (D:15)
  2 wolves
  5 ogres
  5 centaurs (D:15)
  3 crocodiles
  7 bullfrogs
  A scorpion (D:4)
  A water moccasin skeleton (D:9)
  A wight (D:13)
  7 crimson imps
  13 orc priests
  2 jellies
  2 bullfrog skeletons
  4 hounds
  An iguana (D:4)
  5 worker ants
  15 orc wizards
  10 adders
  A river rat (D:8)
  3 shadow imps
  An ooze (D:2)
  A worm (D:3)
  A dart slug (D:3)
  3 leopard geckos
  80 orcs
  18 bats
  3 goblins
  A hobgoblin (D:2)
  3 jackals
  4 quokkas
  2 frilled lizards (D:3)
  A jackal skeleton (D:4)
  13 kobolds
  A quokka skeleton (D:4)
  A quokka zombie (D:5)
  9 rats
358 creatures vanquished.

Vanquished Creatures (collateral kills)
  A stone giant (Orc:2)
  Josephine (D:13)
  2 hydras
  Erolcha (D:13)
  Erica (Lair:1)
  A shock serpent (Snake:1)
  Sonja (D:13)
  An unseen horror (D:8)
  2 hill giants
  A necromancer (D:15)
  3 orc knights
  2 ugly things
  5 cyclopes
  A manticore (D:14)
  5 elephants
  5 black mambas
  7 spiny frogs
  2 rime drakes
  8 komodo dragons
  5 trolls
  8 slime creatures
  2 two-headed ogres
  A hippogriff (Lair:3)
  29 yaks
  2 basilisks
  A hungry ghost (D:7)
  3 nagas
  4 wargs (D:9)
  7 water moccasins
  7 porcupines
  5 orc warriors
  An ice beast (D:8)
  26 wolves
  8 ogres
  10 centaurs
  A big kobold (D:8)
  9 crocodiles
  11 bullfrogs
  A scorpion (D:7)
  2 electric eels (Lair:2)
  A crimson imp (D:8)
  2 bullfrog zombies
  A quasit (D:7)
  2 bullfrog skeletons
  4 orc priests
  A hound (D:8)
  2 jellies
  3 orc wizards
  An iguana (D:8)
  2 worker ants
  A river rat (D:8)
  3 adders
  3 shadow imps
  28 orcs
  11 jackals
  A quokka (D:10)
  5 bats
  4 kobolds (D:8)
  6 rats (D:8)
  A fungus (Lair:2)
275 creatures vanquished.

Vanquished Creatures (others)
  2 blink frogs (Lair:6)
  15 fungi
  7 plants
  9 withered plants (D:15)
33 creatures vanquished.

Grand Total: 666 creatures vanquished

Notes
Turn   | Place    | Note
-------+----------+-------------------------------------------
     0 | D:1      | Patchouli the Deep Elf Ice Elementalist began the quest for the Orb.
     0 | D:1      | Reached XP level 1. HP: 10/10 MP: 6/6
   143 | D:2      | Reached XP level 2. HP: 15/15 MP: 4/8
   151 | D:2      | Learned a level 2 spell: Throw Frost
   252 | D:3      | Noticed a crimson imp
   372 | D:2      | Reached skill level 4 in Spellcasting
   397 | D:2      | Found a faded altar of an unknown god.
   469 | D:2      | Reached XP level 3. HP: 16/19 MP: 3/10
   474 | D:2      | Learned a level 3 spell: Ozocubu's Armour
   607 | D:3      | Reached skill level 1 in Charms
   607 | D:3      | Reached XP level 4. HP: 24/24 MP: 5/12
   613 | D:3      | Learned a level 4 spell: Summon Ice Beast
   725 | D:5      | Entered Level 5 of the Dungeon
   725 | D:5      | Noticed an ice beast
   735 | D:4      | Reached skill level 5 in Spellcasting
   735 | D:4      | Reached skill level 1 in Summonings
   735 | D:4      | Reached XP level 5. HP: 15/28 MP: 0/14
   736 | D:4      | Gained mutation: You have a pair of small horns on your head. [potion of mutation]
   736 | D:4      | Gained mutation: Your spells are a little harder to cast, but a little more powerful. [potion of mutation]
   736 | D:4      | Lost mutation: You have a pair of small horns on your head. [potion of mutation]
   896 | D:4      | Noticed Braschwitzo's ghost (novice MfIE)
  1112 | D:3      | Found an ancient bone altar of Kikubaaqudgha.
  1128 | D:3      | Became a worshipper of Kikubaaqudgha
  1239 | D:4      | Reached skill level 5 in Ice Magic
  1285 | D:4      | Reached XP level 6. HP: 32/32 MP: 8/15
  1291 | D:4      | Learned a level 4 spell: Throw Icicle
  1376 | D:5      | Found a sparkling altar of Nemelex Xobeh.
  1451 | D:5      | Found an opulent altar of Gozag.
  1451 | D:5      | Found a bloodstained altar of Trog.
  1452 | D:5      | Found a basalt altar of Yredelemnul.
  1597 | D:7      | Noticed a hill giant
  1757 | D:7      | Found Xyguol's Armour Boutique.
  1982 | D:7      | Killed a hill giant
  1982 | D:7      | Reached XP level 7. HP: 34/36 MP: 1/16
  2093 | D:7      | Found a staircase to the Ecumenical Temple.
  2102 | D:7      | Reached skill level 5 in Summonings
  2109 | Temple   | Entered the Ecumenical Temple
  2153 | D:7      | Found Douxota's Food Boutique.
  2154 | D:7      | Noticed a hungry ghost
  2184 | D:7      | Killed a hungry ghost
  2184 | D:7      | Reached * piety under Kikubaaqudgha
  2184 | D:7      | Identified Kikubaaqudgha's Collected Works on Darkness (Kikubaaqudgha gifted it to you on level 7 of the Dungeon)
  2184 | D:7      | Received a gift from Kikubaaqudgha
  2202 | D:7      | Found Guilu's Jewellery Shoppe.
  2602 | D:8      | Noticed a yak
  2603 | D:8      | Reached XP level 8. HP: 38/41 MP: 13/17
  2632 | D:8      | Reached skill level 1 in Necromancy
  2774 | D:8      | Reached ** piety under Kikubaaqudgha
  2848 | D:8      | Reached skill level 1 in Armour
  3030 | D:8      | Found a staircase to the Lair.
  3039 | D:8      | Reached skill level 6 in Spellcasting
  3201 | Lair:1   | Entered Level 1 of the Lair of Beasts
  3265 | Lair:1   | Noticed Erica
  3304 | Lair:1   | Killed Erica
  3432 | Lair:1   | Noticed a spiny frog
  3451 | Lair:1   | Killed a spiny frog
  3451 | Lair:1   | Reached XP level 9. HP: 46/46 MP: 11/20
  3521 | Lair:1   | Learned a level 2 spell: Blink
  3562 | Lair:2   | Noticed a komodo dragon
  3575 | Lair:2   | Killed a komodo dragon
  3575 | Lair:2   | Reached skill level 1 in Fighting
  3590 | Lair:2   | Noticed a rime drake
  3603 | Lair:2   | Killed a rime drake
  3643 | Lair:2   | Noticed a spiny frog
  3900 | Lair:1   | Noticed a komodo dragon
  3910 | Lair:1   | Killed a komodo dragon
  3910 | Lair:1   | Reached skill level 7 in Spellcasting
  4005 | Lair:1   | Lost mutation: Your spells are a little harder to cast, but a little more powerful. [potion of cure mutation]
  4011 | Lair:2   | Found a staircase to the Shoals.
  4086 | Lair:2   | Noticed a komodo dragon
  4090 | Lair:2   | Killed a spiny frog
  4097 | Lair:2   | Killed a komodo dragon
  4250 | Lair:2   | Reached *** piety under Kikubaaqudgha
  4250 | Lair:2   | Identified Kikubaaqudgha's Papyrus of Evil Secrets (Kikubaaqudgha gifted it to you on level 2 of the Lair of Beasts)
  4250 | Lair:2   | Received a gift from Kikubaaqudgha
  4262 | Lair:2   | Learned a level 5 spell: Dispel Undead
  4362 | Lair:2   | Reached skill level 5 in Dodging
  4484 | Lair:2   | Reached skill level 1 in Translocations
  4513 | Lair:2   | Noticed a spiny frog
  4521 | Lair:2   | Killed a spiny frog
  4621 | Lair:2   | Noticed a black mamba
  4632 | Lair:2   | Killed a black mamba
  4759 | Lair:3   | Noticed a komodo dragon
  4770 | Lair:3   | Killed a komodo dragon
  4770 | Lair:3   | Reached XP level 10. HP: 52/53 MP: 5/23
  4772 | Lair:3   | Reached skill level 8 in Spellcasting
  4776 | Lair:3   | Reached skill level 5 in Charms
  4803 | Lair:2   | Learned a level 3 spell: Regeneration
  4942 | Lair:3   | Reached skill level 9 in Spellcasting
  5017 | Lair:3   | Learned a level 2 spell: Sublimation of Blood
  5166 | Lair:3   | Noticed a spiny frog
  5183 | Lair:3   | Killed a spiny frog
  5389 | Lair:3   | Reached skill level 5 in Necromancy
  5548 | Lair:3   | Got a blackened ring mail
  5625 | Lair:4   | Reached **** piety under Kikubaaqudgha
  5696 | Lair:3   | Reached skill level 10 in Spellcasting
  6078 | Lair:4   | Reached XP level 11. HP: 60/60 MP: 20/27
  6368 | Lair:4   | Found a staircase to the Snake Pit.
  7218 | Lair:6   | Entered Level 6 of the Lair of Beasts
  7500 | Lair:1   | Learned a level 5 spell: Bolt of Draining
  7641 | D:8      | Noticed an angel
  7642 | D:8      | Found a glowing silver altar of Zin.
  7642 | D:8      | Found a shimmering altar of Xom.
  7722 | D:8      | Reached skill level 5 in Conjurations
  7728 | D:8      | Killed an unseen horror
  7794 | D:8      | Reached skill level 10 in Ice Magic
  7850 | D:8      | Reached ***** piety under Kikubaaqudgha
  8054 | D:9      | Found a stormy altar of Qazlal.
  8258 | D:9      | Noticed an orc knight
  8259 | D:9      | Noticed an orc knight
  8285 | D:9      | Killed an orc knight
  8361 | D:9      | Reached skill level 11 in Spellcasting
  8525 | D:9      | Killed an orc knight
  9010 | D:10     | Entered Level 10 of the Dungeon
  9296 | D:10     | Found a runed door.
  9300 | D:10     | Found a glowing silver altar of Zin.
  9300 | D:10     | Noticed an angel
  9340 | D:11     | Noticed a brown ugly thing
  9427 | D:11     | Reached XP level 12. HP: 66/66 MP: 6/29
  9525 | D:11     | Reached ****** piety under Kikubaaqudgha
  9627 | D:11     | Received a gift from Kikubaaqudgha
  9691 | D:11     | Identified a scroll of acquirement
 10044 | D:12     | Reached skill level 5 in Armour
 10142 | D:13     | Identified Heanirgh's Tome of Freezing Toxins
 10276 | D:13     | Learned a level 2 spell: Swiftness
 10336 | D:13     | Noticed Sonja
 10343 | D:13     | Killed Sonja
 10398 | D:13     | Noticed Josephine
 10593 | D:14     | Noticed Agnes
 10707 | D:13     | Killed Josephine
 10796 | D:13     | Noticed Erolcha
 10803 | D:13     | Killed Erolcha
 10834 | D:13     | Noticed Frances
 11179 | D:12     | Found a staircase to the Orcish Mines.
 11222 | D:12     | Found an opulent altar of Gozag.
 11282 | Orc:1    | Entered Level 1 of the Orcish Mines
 11372 | Orc:1    | Found a roughly hewn altar of Beogh.
 11435 | Orc:1    | Reached skill level 12 in Spellcasting
 11461 | Orc:2    | Entered Level 2 of the Orcish Mines
 11880 | Orc:2    | Noticed a stone giant
 11902 | Orc:2    | Killed a stone giant
 11993 | Orc:2    | Found Woicid's Antique Weapon Shoppe.
 12006 | Orc:2    | Bought a smoking long sword for 255 gold pieces
 12041 | Orc:2    | Reached XP level 13. HP: 31/72 MP: 27/31
 12066 | Orc:2    | Identified the +2 long sword of Analysis {flame, rF+ rC+} (You bought it in a shop on level 2 of the Orcish Mines)
 12079 | Orc:2    | Noticed an ettin
 12095 | Orc:2    | Killed an ettin
 12155 | Orc:2    | Found Biakaymm's General Store.
 12164 | Orc:2    | Bought a scroll of magic mapping for 38 gold pieces
 12164 | Orc:2    | Bought a potion of invisibility for 88 gold pieces
 12166 | Orc:2    | Found a staircase to the Elven Halls.
 12360 | Orc:2    | Noticed an ettin
 12377 | Orc:2    | Killed an ettin
 12406 | Orc:2    | Found Doraxur's Antique Armour Emporium.
 12407 | Orc:2    | Noticed an ettin
 12419 | Orc:2    | Killed an ettin
 12444 | Orc:2    | Bought a pair of warped gloves for 256 gold pieces
 12449 | Orc:2    | Identified the +1 pair of gloves of the Centipede {SInv} (You bought it in a shop on level 2 of the Orcish Mines)
 12463 | Orc:2    | Found Suorr's Book Shoppe.
 12471 | Orc:2    | Bought a book of Clouds for 675 gold pieces
 12823 | D:14     | Reached skill level 1 in Air Magic
 13143 | D:14     | Found a roughly hewn altar of Beogh.
 13300 | D:15     | Entered Level 15 of the Dungeon
 13308 | D:15     | Noticed gitgud34's ghost (journeyman MiFi)
 13387 | D:15     | Got an ichor-stained long sword
 13388 | D:15     | Identified the +4 long sword of Nekawer {slice, rElec} (You found it on level 15 of the Dungeon)
 13752 | D:15     | Reached skill level 13 in Spellcasting
 13862 | D:15     | Found a glowing golden altar of the Shining One.
 14157 | D:15     | Reached skill level 5 in Air Magic
 14173 | D:15     | Found a staircase to the Depths.
 14279 | D:15     | Learned a level 6 spell: Freezing Cloud
 14496 | D:14     | Found Soomi's Magic Scroll Emporium.
 14544 | D:14     | Bought a scroll of summoning for 142 gold pieces
 14544 | D:14     | Bought a scroll of fear for 52 gold pieces
 14544 | D:14     | Bought a scroll of holy word for 112 gold pieces
 14701 | D:14     | Reached skill level 14 in Spellcasting
 14895 | Orc:2    | Bought a book of Changes for 375 gold pieces
 15051 | Lair:1   | Identified the cursed +1 ring mail of the Pleiades {rF+ rN+ Int+3} (You found it on level 3 of the Lair of Beasts)
 15080 | Lair:1   | Gained mutation: You occasionally shout uncontrollably at your foes. [potion of mutation]
 15080 | Lair:1   | Gained mutation: You have a beak for a mouth. [potion of mutation]
 15080 | Lair:1   | Gained mutation: You are somewhat resistant to further mutation. [potion of mutation]
 15081 | Lair:1   | Gained mutation: You are frail. (-10% HP) [potion of mutation]
 15082 | Lair:1   | Lost mutation: You are frail. (-10% HP) [potion of cure mutation]
 15082 | Lair:1   | Lost mutation: You occasionally shout uncontrollably at your foes. [potion of cure mutation]
 15082 | Lair:1   | Lost mutation: You are somewhat resistant to further mutation. [potion of cure mutation]
 15109 | Lair:1   | Gained mutation: Scrolls take you a little longer to read. [potion of mutation]
 15109 | Lair:1   | Gained mutation: Your spells are a little harder to cast, but a little more powerful. [potion of mutation]
 15109 | Lair:1   | Gained mutation: Your flesh is cold resistant. (rC+) [potion of mutation]
 15110 | Lair:1   | Lost mutation: Scrolls take you a little longer to read. [potion of cure mutation]
 15110 | Lair:1   | Lost mutation: Your spells are a little harder to cast, but a little more powerful. [potion of cure mutation]
 15110 | Lair:1   | Lost mutation: Your flesh is cold resistant. (rC+) [potion of cure mutation]
 15110 | Lair:1   | Lost mutation: You have a beak for a mouth. [potion of cure mutation]
 15484 | Lair:6   | Reached XP level 14. HP: 76/76 MP: 25/34
 15714 | Shoals:1 | Entered Level 1 of the Shoals
 15761 | Lair:1   | Learned a level 4 spell: Ice Form
 15868 | Snake:1  | Entered Level 1 of the Snake Pit
 16122 | Snake:1  | Reached skill level 1 in Transmutations
 16459 | D:7      | Bought an uncursed ring of magical power for 260 gold pieces
 16882 | Snake:2  | Noticed a nagaraja
 16890 | Snake:2  | Killed from afar by a nagaraja

Skill      XL: |  1  2  3  4  5  6  7  8  9 10 11 12 13 14 |
---------------+-------------------------------------------+-----
Spellcasting   | 4 5 6 7 10 11 12 14 | 14.8
Charms         | 1 2 3 4 5 7 9 |  9.4
Ice Magic      | 4 5 6 7 8 9 10 11 | 11.1
Summonings     | 1 2 4 5 6 7 8 |  8.3
Conjurations   | 2 3 4 5 7 8 9 |  9.1
Necromancy     | 2 3 5 7 9 |  9.6
Armour         | 1 2 3 4 5 |  5.6
Dodging        | 3 5 6 8 |  8.4
Fighting       | 2 3 4 |  4.6
Translocations | 1 2 |  2.0
Air Magic      | 6 7 |  7.1
Transmutations | 2 |  2.1
Stealth        | |  2.4

Action                   |  1- 3 |  4- 6 |  7- 9 | 10-12 | 13-15 || total
-------------------------+-------+-------+-------+-------+-------++-------
Melee: Short sword       |     1 |       |       |       |       ||     1
       Long sword        |     1 |    12 |     4 |       |     1 ||    18
       Trident           |       |       |       |     6 |       ||     6
       Scimitar          |       |       |       |     1 |       ||     1
Throw: Stone             |     4 |       |       |       |       ||     4
 Cast: Freeze            |    41 |    51 |    27 |    44 |    43 ||   206
       Ozocubu's Armour  |       |     7 |    10 |    41 |    45 ||   103
       Throw Frost       |       |     7 |     9 |   116 |    53 ||   185
       Summon Ice Beast  |       |    12 |    63 |   215 |   116 ||   406
       Throw Icicle      |       |       |     4 |    88 |    23 ||   115
       Sublimation of Bl |       |       |       |   291 |   170 ||   461
       Regeneration      |       |       |       |   137 |    87 ||   224
       Bolt of Draining  |       |       |       |    40 |   113 ||   153
       Dispel Undead     |       |       |       |    26 |    28 ||    54
       Blink             |       |       |       |     9 |     4 ||    13
       Ice Form          |       |       |       |       |     3 ||     3
       Freezing Cloud    |       |       |       |       |     2 ||     2
       Swiftness         |       |       |       |       |     1 ||     1
Invok: Receive Necronomi |       |       |       |     1 |       ||     1
 Abil: End Transformatio |       |       |       |       |     3 ||     3
Evoke: Wand              |       |       |       |    12 |     7 ||    19
  Use: Scroll            |       |     3 |     1 |    17 |     5 ||    26
       Potion            |       |     3 |     7 |     2 |     8 ||    20
 Stab: Sleeping          |     1 |     1 |       |     1 |       ||     3
  Eat: Chunk             |       |     3 |    15 |    37 |     6 ||    61
       Pizza             |       |     1 |     1 |       |     2 ||     4
       Fruit             |       |       |       |     5 |     4 ||     9
       Bread ration      |       |       |       |       |     3 ||     3
       Beef jerky        |       |       |       |       |     2 ||     2
Armor: Robe              |    19 |     3 |    27 |    21 |    27 ||    97
       Leather armour    |       |    33 |       |       |       ||    33
       Ring mail         |       |       |       |     1 |       ||     1
       Skin              |       |       |       |       |     3 ||     3
Dodge: Dodged            |    21 |    57 |    54 |    78 |    94 ||   304
       Rpst.: Long sword |     2 |    14 |    12 |       |    12 ||    40
       Scimitar          |       |       |     3 |    11 |       ||    14
